 Dungeon Crawl Stone Soup version 0.27-a0-705-ga0013940fb (webtiles) character file.

Game seed: 14550053076542600450

482 dickylongcocking the Grave Robber (level 6, -4/44 HPs)
             Began as a Demonspawn Necromancer on Mar 23, 2021.
             Killed by divine providence
             ... invoked by an orc priest
              (14 damage)
             ... on level 4 of the Dungeon.
             The game lasted 00:05:46 (7753 turns).

dickylongcocking the Grave Robber (DsNe)            Turns: 7753, Time: 00:05:46

Health: -4/44      AC:  6    Str: 10    XL:     6   Next: 87%
Magic:  0/11       EV: 11    Int: 18    God:
Gold:   207        SH:  5    Dex: 14    Spells: 7/11 levels left

rFire    . . .     SeeInvis .   h - +1 whip (elec)
rCold    . . .     Faith    +   g - +0 buckler
rNeg     . . .     Spirit   .   d - +0 leather armour
rPois    .         Reflect  .   (no helmet)
rElec    .         Harm     .   (no cloak)
rCorr    .         Rampage  .   (no gloves)
Will     .....                  (no boots)
Stlth    +.........             c - amulet of faith
HPRegen  0.14/turn              (no ring)
MPRegen  0.12/turn              (no ring)

@: very slightly contaminated
A: hooves 1, molten scales 2, demonic guardian 1, strong 1, wild magic 1,
evolution 1
a: no special abilities


You were on level 4 of the Dungeon.
You visited 2 branches of the dungeon, and saw 5 of its levels.

You collected 207 gold pieces.

Inventory:

Hand Weapons
 e - a +0 short sword
 h - a +1 whip of electrocution (weapon)
Armour
 a - a +0 robe
 d - a +0 leather armour (worn)
 g - a +0 buckler (worn)
Jewellery
 c - an amulet of faith (around neck)
 f - a ring of ice
Wands
 j - a wand of flame (7)
Scrolls
 b - a scroll of enchant armour {unknown}
 i - a scroll of immolation
 l - a scroll of blinking {unknown}
 m - a scroll of random uselessness {unknown}
 o - a scroll of identify
Potions
 n - 2 potions of flight {unknown}


   Skills:
 * Level 2.3 Fighting
 * Level 2.1 Maces & Flails
 - Level 1.8 Dodging
 - Level 1.8 Stealth
 * Level 2.9 Shields
 * Level 3.3 Spellcasting
 * Level 6.2 Necromancy


You had 7 spell levels left.
You knew the following spells:

 Your Spells              Type           Power      Damage    Failure   Level
a - Pain                  Necr           100%       1d9       3%          1
x - Vampiric Draining     Necr           16%        2d8       10%         3

Your spell library contained the following spells:

 Spells                   Type           Power      Damage    Failure   Level
 Animate Skeleton         Necr           64%        N/A       3%          1
 Animate Dead             Necr           16%        N/A       26%         4
 Agony                    Necr           32%        N/A       56%         5


Dungeon Overview and Level Annotations

Branches:
Dungeon (4/15)             Temple (1/1) D:4

Altars:
Ashenzari
Cheibriados
Elyvilon
Fedhas
Hepliaklqana
Makhleb
Nemelex Xobeh
Qazlal
Ru
Sif Muna
Trog
Vehumet
Xom
Yredelemnul
Zin
The Shining One


Innate Abilities, Weirdness & Mutations

You have large cloven feet.
You are mostly covered in molten scales. (AC +3)
A weak demonic guardian rushes to your aid.
Your muscles are strong. (Str +2)
Your spells are a little harder to cast, but a little more powerful.
You evolve.


Message History

Your ufetubus hits the orc priest.
The orc priest dies!
Unknown command.
Casting: Vampiric Draining (dangerous; 10% risk of failure)
Confirm with . or Enter, or press ? or * to list all spells.
Aiming: Vampiric Draining (dangerous; 10% risk of failure)
Press: ? - help, Shift-Dir - straight line, f - orc
Aim: an orc, wielding a +0 club, wearing a +0 scale mail and quivering boomerangs You draw life force from the orc!
You kill the orc!
You feel life coursing into your body.
Your ufetubus completely misses something.
Your ufetubus closely misses something.
Something hits you but does no damage.
The orc priest hits you with a +0 hand axe.
The hound closely misses you.
Your ufetubus closely misses something.
Your ufetubus hits something.
You feel much better. The hound bites you but does no damage.
Something hits you!
The orc priest hits you with a +0 hand axe!
Your ufetubus barely misses something.
Your ufetubus closely misses something.
Unknown command.
You hit the orc priest but do no damage.
Lightning courses through the orc priest!
The orc priest is severely wounded.
You block the hound's attack.
Your ufetubus hits something but does no damage.
Your ufetubus misses something. Something hits you but does no damage.
The hound barely misses you.
The orc priest mumbles some strange prayers to Beogh against you.
Pain shoots through your body!
* * * LOW HITPOINT WARNING * * *
Your ufetubus hits something.
Your ufetubus closely misses something.
You closely miss the orc priest. Your kick misses the orc priest.
The orc priest is severely wounded.
The hound bites you.
* * * LOW HITPOINT WARNING * * *
Something hits you but does no damage.
Your ufetubus hits something. x2
The orc priest calls down the wrath of Beogh upon you.
Beogh smites you!
You die...

...## #.......## ..##
#........# .##
#........# ##
##........## #
##..........######
##....†...........# .
##..............###...
###..........##.5)......
#...........####@{....#
#...........# #.oh...#..
#...........###.#......#
#............... ......#
.##............. .......
.##............. .......
.###............ .......
.##............. .....(.
#..###........


You could see a hound, an orc priest (ally target) and a friendly ufetubus
(summoned).

Vanquished Creatures
  A phantom (D:4)
  A hound (D:4)
  2 iguanas (D:4)
  A worker ant (D:4)
  Natasha (twice) (D:3)
  2 gnolls (D:4)
  6 adders
  4 worms
  2 dart slugs
  3 orcs
  11 ball pythons
  9 bats
  2 giant cockroaches
  8 goblins
  7 hobgoblins
  8 jackals
  4 oozes
  7 quokkas
  4 frilled lizards
  11 kobolds
  2 rats (D:2)
97 creatures vanquished.

Vanquished Creatures (collateral kills)
  An orc priest (D:4)
  An iguana (D:4)
  Natasha (D:3)
  A gnoll (D:4)
  An adder (D:4)
  A bat (D:3)
6 creatures vanquished.

Grand Total: 103 creatures vanquished

Notes
Turn   | Place    | Note
-------+----------+-------------------------------------------
     0 | D:1      | dickylongcocking the Demonspawn Necromancer began the quest
                  | for the Orb.
     0 | D:1      | Reached XP level 1. HP: 13/13 MP: 3/3
   307 | D:1      | Gained mutation: You are partially covered in molten
                  | scales. (AC +2) [demonic ancestry]
   307 | D:1      | Reached XP level 2. HP: 1/19 MP: 0/5
  1090 | D:1      | Reached skill level 5 in Necromancy
  1566 | D:1      | Gained mutation: You have large cloven feet. [demonic
                  | ancestry]
  1566 | D:1      | Reached XP level 3. HP: 23/24 MP: 4/6
  1931 | D:1      | Gained mutation: You evolve. [potion of mutation]
  1931 | D:1      | Gained mutation: Your muscles are strong. (Str +2) [potion
                  | of mutation]
  2180 | D:2      | Reached skill level 1 in Shields
  3300 | D:2      | Reached XP level 4. HP: 26/30 MP: 3/7
  4921 | D:3      | Gained mutation: You are mostly covered in molten scales.
                  | (AC +3) [evolution]
  5014 | D:3      | Noticed Natasha
  5024 | D:3      | Killed Natasha
  5025 | D:3      | Reached skill level 1 in Fighting
  5025 | D:3      | Gained mutation: A weak demonic guardian rushes to your
                  | aid. [demonic ancestry]
  5025 | D:3      | Reached XP level 5. HP: 2/37 MP: 3/9
  5224 | D:3      | Learned a level 3 spell: Vampiric Draining
  5410 | D:3      | Noticed Natasha
  5416 | D:3      | Killed Natasha
  5417 | D:3      | Reached skill level 1 in Maces & Flails
  5426 | D:3      | Noticed Natasha
  5817 | D:3      | Killed Natasha
  6158 | D:3      | Gained mutation: Your spells are a little harder to cast,
                  | but a little more powerful. [evolution]
  6347 | D:4      | Reached XP level 6. HP: 8/43 MP: 3/10
  6993 | D:4      | Reached skill level 6 in Necromancy
  7108 | D:4      | Found a staircase to the Ecumenical Temple.
  7131 | Temple   | Entered the Ecumenical Temple
  7753 | D:4      | Killed from afar by an orc priest

Illustrated notes

Levels and vault maps discovered:
D:1:      eino_arrival_cavern_d, layout_loops_cross, serial_park_tiny_1,
          moated_statue, supply_closet_lemuel
D:2:      minmay_chambers_of_ones, layout_basic
D:3:      layout_loops_cross, uniq_natasha
D:4:      layout_layer_cave, minmay_temple_entry_hall
Temple:   eino_temple_scatter_basement

Skill      XL: |  1  2  3  4  5  6 |
---------------+-------------------+-----
Necromancy     | 5 6 |  6.2
Shields        | 1 2 |  2.9
Fighting       | 1 2 |  2.3
Maces & Flails | 1 2 |  2.1
Spellcasting   | 3 |  3.3
Dodging        | |  1.8
Stealth        | |  1.8

Action                   |  1- 3 |  4- 6 || total
-------------------------+-------+-------++-------
Melee: Unarmed           |     7 |       ||     7
       Short sword       |    75 |       ||    75
       Kick              |     8 |    22 ||    30
       Whip              |     6 |   145 ||   151
 Cast: Pain              |    75 |    41 ||   116
       Vampiric Draining |       |     5 ||     5
  Use: Potion            |     3 |     3 ||     6
       Scroll            |       |     4 ||     4
 Stab: Sleeping          |     2 |     2 ||     4
       Distracted        |       |     1 ||     1
Armor: Robe              |     1 |       ||     1
       Leather armour    |    40 |    61 ||   101
       Skin              |     7 |       ||     7
Dodge: Dodged            |    80 |    90 ||   170
Block: Buckler           |    20 |    42 ||    62

Table legend: (Time is in decaauts)
 A = Elapsed time spent in this place.
 B = Non-inter-level travel time spent in this place.
 C = Inter-level travel time spent in this place.
 D = Time resting spent in this place.
 E = Time spent auto-exploring this place.
 F = Levels seen in this place.
 G = Mean time per level.
                   A        B        C        D        E       F      G
               +--------+--------+--------+--------+--------+-----+--------+
         Total |   7783 |   7682 |    101 |   2553 |   4168 |   5 | 1556.6 |
       Dungeon |   7422 |   7331 |     91 |   2553 |   3843 |   4 | 1855.5 |
        Temple |    360 |    350 |     10 |      0 |    325 |   1 |  360.0 |
               +--------+--------+--------+--------+--------+-----+--------+

Top non-repeatable levels by time:
     D:2: 2671 daAuts
     D:1: 2341 daAuts
     D:3: 1612 daAuts
     D:4: 797 daAuts
  Temple: 360 daAuts
